 Dungeon Sprint DCSS version 0.24-a0-539-g6aae15e (webtiles) character file.

Game seed: 10173483002832488807

19629 Faca the Severer (level 12, -3/135 HPs)
             Began as a Deep Dwarf Fighter on Aug 18, 2019.
             Was the Champion of Makhleb.
             Killed from afar by a tengu reaver (8 damage)
             ... with a bolt of lightning
             ... in the Dungeon (Sprint IX: "|||||||||||||||||||||||||||||").
             The game lasted 00:11:29 (1469 turns).

Faca the Severer (Deep Dwarf Fighter)               Turns: 1469, Time: 00:11:30

Health: -3/135     AC: 20    Str: 27    XL:     12   Next: 38%
Magic:  19/19      EV:  7    Int: 13    God:    Makhleb [******]
Gold:   1756       SH: 13    Dex: 12    Spells: 11/11 levels left

rFire    . . .     SeeInvis .   p - +3 broad axe (chop)
rCold    . . .     Gourm    .   c - +0 shield
rNeg     . . .     Faith    .   j - +0 plate armour
rPois    .         Spirit   .   (no helmet)
rElec    .         Reflect  .   a - +0 cloak (curse)
rCorr    .         Harm     .   s - +0 pair of gloves
MR       +....     NoTele   +   r - +0 pair of boots
Stlth    ..........             (no amulet)
HPRegen  0.00/turn              u - +3 ring of intelligence
MPRegen  0.16/turn              v - +3 ring of strength

@: non-regenerating
A: damage resistance, heal wounds, sense surroundings 2, no regeneration
a: Heal Wounds, Minor Destruction, Lesser Servant of Makhleb, Major Destruction,
Greater Servant of Makhleb, Renounce Religion


You were in the Dungeon.
You worshipped Makhleb.
Makhleb was exalted by your worship.
You were hungry.

You visited 1 branch You collected 1908 gold pieces.
You spent 152 gold pieces at shops.

Inventory:

Hand Weapons
 h - the +2 hand axe "Ydoubuog" {flame, +Inv +Fly Int-3}
   (You found it in the Dungeon)

   It has been specially enchanted to burn those struck by it, causing extra
   injury to most foes and up to half again as much damage against particularly
   susceptible opponents.
   Big, fiery blades are also staple armaments of hydra-hunters.
   It affects your intelligence (-3).
   It lets you turn invisible.
   It lets you fly.
 p - a +3 broad axe of chopping (weapon)
 x - a +1 demon whip
Armour
 a - a cursed +0 cloak (worn)
 c - a +0 shield (worn)
 j - a +0 plate armour (worn)
 r - a +0 pair of boots (worn)
 s - a +0 pair of gloves (worn)
 y - a +1 pair of gloves
 A - a +2 cloak of magic resistance
 B - a +1 pair of gloves
 C - a +1 helmet
Jewellery
 l - an uncursed ring of see invisible
 u - a +3 ring of intelligence (left hand)
 v - a +3 ring of strength (right hand)
 w - an uncursed ring of protection from fire
Wands
 o - a wand of iceblast (9)
Scrolls
 k - 6 scrolls of blinking
 m - 3 scrolls of remove curse
 n - 2 scrolls of amnesia
 q - 4 scrolls of enchant armour
 F - a scroll of fear
 G - a scroll of fog
Potions
 b - a potion of berserk rage
 d - 4 potions of might
 e - 5 potions of curing
 g - a potion of invisibility
 i - 4 potions of magic
 z - a potion of ambrosia
 D - 2 potions of heal wounds
 E - 2 potions of haste
Comestibles
 f - 11 rations
 t - 5 chunks of flesh


   Skills:
 + Level 16.7 Fighting
 + Level 19.3 Axes
 + Level 12.2 Armour
 + Level 12.2 Shields
 + Level 13.6 Invocations


You had 11 spell levels left.
You didn't know any spells.
Your spell library was empty.

Dungeon Overview and Level Annotations

Branches:
Dungeon (1/1)

Altars:
Cheibriados
Dithmenos
Elyvilon
Fedhas
Gozag
Hepliaklqana
Kikubaaqudgha
Makhleb
Nemelex Xobeh
Okawaru
Qazlal
Ru
Sif Muna
Trog
Uskayaw
Vehumet
Wu Jian
Xom
Yredelemnul
Zin
The Shining One
Beogh
Jiyva
Lugonu

Shops:
D *(}%


Innate Abilities, Weirdness & Mutations

You are resistant to damage.
You can heal yourself by infusing magical energy.
You passively map the area around you.
You do not regenerate.


Message History

You miss the tengu reaver.
The tengu reaver is almost dead.
The tengu reaver hits you with a +1 vampiric halberd!
* * * LOW HITPOINT WARNING * * *
The tengu reaver closely misses you. You block the tengu reaver's attack.
You closely miss the tengu reaver.
The tengu reaver is almost dead.
The tengu reaver casts a spell at you. The bolt of lightning hits you!
* * * LOW HITPOINT WARNING * * *
You closely miss the tengu reaver.
The tengu reaver is almost dead.
You miss the tengu reaver.
The tengu reaver is almost dead.
You block the tengu reaver's attack. x3
You barely miss the tengu reaver.
The tengu reaver is almost dead.
The tengu reaver casts a spell at you. The bolt of lightning hits you!
You die...

▓.▓.▓'▓.▓.▓.▓ ,
▓.▓.▓[▓.▓.▓.▓D▓
* *
▓)▓.▓(▓.▓∩▓.▓J▓
* * *,
▓)▓.▓[▓.▓)▓.▓{▓,
* ,
▓.▓.▓(▓.▓∩▓.▓J▓
*, ,
▓.▓.▓.▓.▓.▓.▓*▓
, * *
▓)▓.▓.▓.▓∩▓.▓Z▓
* ,
▓.▓.▓.▓.▓.▓.▓Q▓,
, *
▓.▓.▓.▓.▓∩▓.▓@▓
* *
▓)▓.▓.▓.▓.▓.▓†▓
*+ ,* ,
▓|▓.▓†▓.▓.▓.▓(▓
* * *,
▓.▓.▓.▓.▓)▓)▓.▓
, *
▓.▓.▓.▓.▓.▓.▓(▓
,*
▓'▓.▓'▓.▓.▓.▓(▓
* ,*
▓_▓.▓.▓.▓)▓.▓.▓
, * * *,
▓_▓.▓÷▓.▓.▓.▓.▓,
* ,
▓_▓.▓.▓.▓.▓.▓.▓
* ,


You could see a fire dragon, a tengu reaver, a slime creature, a jelly, a
battlesphere and a quokka zombie.

Vanquished Creatures
  A fire giant (D)
  A very ugly thing (D)
  2 hydras (D)
  Erolcha (D)
  A centaur warrior (D)
  A death yak (D)
  An unseen horror (D)
  10 orc knights (D)
  A cyclops (D)
  8 elephants (D)
  Maurice (D)
  3 spiny frogs (D)
  A rime drake (D)
  A slime creature (D)
  2 hippogriffs (D)
  2 yaks (D)
  Eustachio (D)
  Grum (D)
  3 water moccasins (D)
  3 porcupines (D)
  16 orc warriors (D)
  5 wolves (D)
  A crocodile (D)
  A centaur (D)
  6 bullfrogs (D)
  A crimson imp (D)
  2 orc priests (D)
  4 orc wizards (D)
  A gnoll shaman (D)
  3 worker ants (D)
  2 shadow imps (D)
  A leopard gecko (D)
  6 orcs (D)
  2 bat skeletons (D)
  A goblin (D)
  A jackal (D)
  3 frilled lizards (D)
  A kobold (D)
102 creatures vanquished.

Notes
Turn   | Place    | Note
-------+----------+-------------------------------------------
     0 | D        | Faca the Deep Dwarf Fighter began the quest for the Orb.
     0 | D        | Reached XP level 1. HP: 20/20 MP: 1/1
    28 | D        | Reached skill level 3 in Axes
    66 | D        | Noticed a worker ant
    66 | D        | Noticed a crimson imp
    84 | D        | Reached skill level 4 in Axes
    84 | D        | Reached XP level 2. HP: 14/30 MP: 2/2
    91 | D        | Killed a crimson imp
    91 | D        | Reached skill level 5 in Fighting
    91 | D        | Reached skill level 6 in Axes
    91 | D        | Reached XP level 3. HP: 11/39 MP: 3/3
    92 | D        | Reached XP level 4. HP: 11/48 MP: 4/4
    98 | D        | Found a roughly hewn altar of Beogh.
    98 | D        | Found a snail-covered altar of Cheibriados.
    98 | D        | Found a shadowy altar of Dithmenos.
    98 | D        | Found a white marble altar of Elyvilon.
    98 | D        | Found a blossoming altar of Fedhas.
    98 | D        | Found an opulent altar of Gozag.
    99 | D        | Found a hazy altar of Hepliaklqana.
   100 | D        | Found a viscous altar of Jiyva.
   101 | D        | Found an ancient bone altar of Kikubaaqudgha.
   102 | D        | Found a corrupted altar of Lugonu.
   103 | D        | Found a burning altar of Makhleb.
   104 | D        | Found a sparkling altar of Nemelex Xobeh.
   105 | D        | Found an iron altar of Okawaru.
   106 | D        | Found a stormy altar of Qazlal.
   107 | D        | Found a sacrificial altar of Ru.
   108 | D        | Found a shimmering blue altar of Sif Muna.
   109 | D        | Found a bloodstained altar of Trog.
   110 | D        | Found a hide-covered altar of Uskayaw.
   111 | D        | Became a worshipper of Makhleb the Destroyer
   112 | D        | Found a radiant altar of Vehumet.
   113 | D        | Found an ornate altar of the Wu Jian Council.
   114 | D        | Found a shimmering altar of Xom.
   116 | D        | Found a basalt altar of Yredelemnul.
   117 | D        | Found a glowing silver altar of Zin.
   118 | D        | Found a glowing golden altar of the Shining One.
   176 | D        | Noticed a hippogriff
   176 | D        | Noticed a centaur
   176 | D        | Noticed a water moccasin
   178 | D        | Killed a water moccasin
   178 | D        | Reached skill level 8 in Axes
   178 | D        | Reached XP level 5. HP: 56/58 MP: 4/4
   179 | D        | Killed a centaur
   179 | D        | Reached skill level 9 in Axes
   181 | D        | Reached * piety under Makhleb
   181 | D        | Reached skill level 10 in Axes
   181 | D        | Reached XP level 6. HP: 66/68 MP: 5/5
   191 | D        | Killed a hippogriff
   191 | D        | Reached skill level 11 in Axes
   194 | D        | Reached ** piety under Makhleb
   203 | D        | Noticed a yak
   203 | D        | Noticed a slime creature
   204 | D        | Reached skill level 10 in Fighting
   210 | D        | Killed a slime creature
   210 | D        | Reached skill level 12 in Axes
   210 | D        | Reached XP level 7. HP: 78/80 MP: 6/6
   213 | D        | Killed a yak
   213 | D        | Reached *** piety under Makhleb
   228 | D        | Killed an unseen horror
   228 | D        | Reached skill level 13 in Axes
   228 | D        | Reached XP level 8. HP: 60/91 MP: 7/7
   230 | D        | Reached skill level 14 in Axes
   391 | D        | Noticed Grum
   404 | D        | Killed Grum
   404 | D        | Reached **** piety under Makhleb
   441 | D        | Noticed Maurice
   470 | D        | Killed Maurice
   470 | D        | Reached skill level 15 in Axes
   470 | D        | Gained mutation: You passively map the area around you.
                  | [Deep Dwarf growth]
   470 | D        | Reached XP level 9. HP: 36/102 MP: 8/8
   512 | D        | Got the +2 hand axe "Ydoubuog" {flame, +Inv +Fly Int-3}
   527 | D        | Noticed a spiny frog
   529 | D        | Reached ***** piety under Makhleb
   538 | D        | Killed a spiny frog
   538 | D        | Reached skill level 16 in Axes
   573 | D        | Noticed a spiny frog
   574 | D        | Noticed a spiny frog
   576 | D        | Reached skill level 1 in Invocations
   579 | D        | Reached ****** piety under Makhleb
   580 | D        | Noticed a death yak
   582 | D        | Noticed a rime drake
   588 | D        | Killed a spiny frog
   604 | D        | Killed a death yak
   604 | D        | Reached skill level 5 in Armour
   604 | D        | Reached skill level 5 in Shields
   604 | D        | Reached XP level 10. HP: 46/114 MP: 9/11
   606 | D        | Killed a spiny frog
   606 | D        | Reached skill level 5 in Invocations
   615 | D        | Reached skill level 17 in Axes
   662 | D        | Noticed an elephant
   662 | D        | Noticed an elephant
   662 | D        | Noticed an elephant
   662 | D        | Noticed an elephant
   662 | D        | Noticed an elephant
   662 | D        | Noticed an elephant
   668 | D        | Killed an elephant
   674 | D        | Killed an elephant
   679 | D        | Killed an elephant
   679 | D        | Reached skill level 15 in Fighting
   687 | D        | Noticed an elephant
   688 | D        | Killed an elephant
   695 | D        | Killed an elephant
   702 | D        | Killed an elephant
   709 | D        | Killed an elephant
   721 | D        | Noticed an elephant
   732 | D        | Killed an elephant
   842 | D        | Noticed an orc knight
   846 | D        | Reached XP level 11. HP: 110/122 MP: 15/15
   863 | D        | Killed an orc knight
   938 | D        | Noticed an orc knight
   938 | D        | Noticed an orc knight
   948 | D        | Killed an orc knight
   952 | D        | Killed an orc knight
   961 | D        | Noticed an orc knight
   971 | D        | Reached skill level 10 in Invocations
   983 | D        | Killed an orc knight
   983 | D        | Reached skill level 18 in Axes
  1031 | D        | Found Sottogu's Food Boutique.
  1031 | D        | Noticed an orc knight
  1031 | D        | Noticed an orc knight
  1041 | D        | Killed an orc knight
  1051 | D        | Killed an orc knight
  1067 | D        | Reached skill level 10 in Armour
  1067 | D        | Reached skill level 10 in Shields
  1094 | D        | Found Peunwep's Gadget Shop.
  1099 | D        | Found Mifeg's Weapon Boutique.
  1111 | D        | Found Isatubiuni's Assorted Antiques.
  1114 | D        | Noticed an orc knight
  1115 | D        | Noticed an orc knight
  1115 | D        | Noticed an orc knight
  1116 | D        | Noticed an orc knight
  1122 | D        | Killed an orc knight
  1127 | D        | Killed an orc knight
  1130 | D        | HP: 1/124 [orc knight/+0 long sword (33)]
  1137 | D        | Killed an orc knight
  1139 | D        | Killed an orc knight
  1143 | D        | Bought a scroll labeled COWKAE GUURIUL for 32 gold pieces
  1143 | D        | Bought a scroll of identify for 64 gold pieces
  1143 | D        | Bought a black potion for 28 gold pieces
  1143 | D        | Bought a bubbling grey potion for 28 gold pieces
  1207 | D        | Noticed Erolcha
  1248 | D        | Killed Erolcha
  1283 | D        | Noticed Eustachio
  1288 | D        | Killed Eustachio
  1398 | D        | Noticed a centaur warrior
  1399 | D        | Noticed a seven-headed hydra
  1400 | D        | Noticed a six-headed hydra
  1401 | D        | Noticed a fire giant
  1411 | D        | Noticed a white very ugly thing
  1418 | D        | Killed a centaur warrior
  1418 | D        | Reached XP level 12. HP: 60/134 MP: 18/18
  1429 | D        | Killed a one-headed hydra
  1432 | D        | Noticed a tengu reaver
  1436 | D        | Killed a one-headed hydra
  1436 | D        | Reached skill level 19 in Axes
  1441 | D        | Noticed an ogre mage
  1445 | D        | Killed a fire giant
  1454 | D        | Killed a white very ugly thing
  1459 | D        | Noticed a fire dragon
  1466 | D        | HP: 5/135 [tengu reaver/bolt of lightning (13)]
  1469 | D        | Killed from afar by a tengu reaver

Levels and vault maps discovered:
D:        linesprint [early_d, line_temple, items_1, d_10, items_2, lair_1,
          lair_end, items_3, orc_1, orc_end, items_4, d_15, swamp_1, shoals_1,
          snake_1, spider_1, d_20, vaults_1, items_5, swamp_end, shoals_end,
          snake_end, spider_end, vaults_end, d_27, items_6, zot_1, zot_end,
          crypt_end, forest_end, elf_end, slime_end, tomb_end, abyss_end,
          pan_hell_end]

Skill      XL: |  1  2  3  4  5  6  7  8  9 10 11 12 |
---------------+-------------------------------------+-----
Fighting       | 4 5 6 7 8 10 12 13 14 15 16 | 16.7
Axes           | 4 6 8 10 12 13 15 16 17 18 19 | 19.3
Invocations    | 4 8 12 13 | 13.6
Armour         | 5 8 11 12 | 12.2
Shields        | 5 8 11 12 | 12.2

Action                   |  1- 3 |  4- 6 |  7- 9 | 10-12 || total
-------------------------+-------+-------+-------+-------++-------
Melee: War axe           |    61 |       |       |       ||    61
       Broad axe         |       |    24 |   120 |   273 ||   417
       Hand axe          |       |       |       |    17 ||    17
 Abil: Heal Wounds       |       |     1 |     4 |     7 ||    12
  Use: Potion            |     1 |     1 |     4 |     2 ||     8
       Scroll            |       |       |     2 |     3 ||     5
  Eat: Chunk             |       |       |       |     2 ||     2
Armor: Scale mail        |    22 |       |       |       ||    22
       Chain mail        |       |    18 |    39 |    31 ||    88
       Plate armour      |       |       |       |    45 ||    45
Dodge: Dodged            |    12 |     6 |     6 |    34 ||    58
Block: Shield            |    35 |    13 |    38 |    86 ||   172

Table legend:
 A = Non-vault XP
 B = Vault XP
 C = Vault XP percentage of total XP
 D = Non-vault monster count
 E = Vault monster count
 F = Vault count percentage of total count
                 A         B        C        D         E       F
            +---------+---------+-------+---------+---------+-------
      Total |       0 |   28042 | 100.0 |       0 |     102 | 100.0
            +---------+---------+-------+---------+---------+-------
          D |       0 |   28042 | 100.0 |       0 |     102 | 100.0
            +---------+---------+-------+---------+---------+-------
